 Dungeon Crawl Stone Soup version 0.28.0-53-g5a82cb258f (webtiles) character file.

Game seed: 14230928229007841925

151096 safid the Executioner (level 17, -10/161 HPs)
             Began as a Hill Orc Fighter on Aug 8, 2022.
             Was the Champion of Beogh.
             Killed from afar by a quicksilver dragon (39 damage)
             ... with a bolt of dispelling energy
             ... on level 3 of the Depths.
             The game lasted 01:13:39 (37111 turns).

safid the Executioner (Hill Orc Fighter)           Turns: 37111, Time: 01:13:40

Health: -10/161    AC: 27    Str: 25    XL:     17   Next: 55%
Magic:  36/36      EV: 12    Int: 11    God:    Beogh [******]
Gold:   1072       SH:  5    Dex: 10    Spells: 16/16 levels left

rFire   + + .      SeeInvis +   T - +8 frozen axe "Frostbite" {freezing cloud, *Noise Fly rC+}
rCold   + + +      Faith    .   (shield currently unavailable)
rNeg    + . .      Spirit   .   S - +1 ice dragon scales "Nenofraf" {rElec rF- rC++}
rPois   +          Reflect  +   A - +0 helmet of the Valley {rN+}
rElec   +          Harm     .   M - +2 cloak
rCorr   +          Rampage  .   N - +2 pair of gloves
Will    +....                   g - +2 pair of boots
Stlth   ..........              h - amulet of reflection
HPRegen 0.36/turn               P - ring of Taegemn {rPois MP+9 SInv}
MPRegen 0.25/turn               V - ring "Joocs" {rF+++ rCorr Str-2 Int+3 Slay+2}

@: flying, studying Short Blades
A: walk on water
a: Renounce Religion, Smiting, Recall Orcish Followers, Give Item to Named
Follower, Resurrection


You were on level 3 of the Depths.
You worshipped Beogh.
Beogh was exalted by your worship.
You visited 4 branches of the dungeon, and saw 27 of its levels.
You also visited: Ice Cave.

You collected 3565 gold pieces.
You spent 2493 gold pieces at shops.

Inventory:

Hand Weapons
 T - the +8 frozen axe "Frostbite" (weapon) {freezing cloud, *Noise Fly rC+}
   (You found it in an ice cave)

   It freezes those it strikes, dealing additional cold damage.
   It can also slow down cold-blooded creatures.
   It occasionally leaves clouds of freezing vapour upon striking a foe.
   It grants immunity to clouds of freezing vapour.
   rC:        It protects you from cold.
   Fly:       It grants you flight.
   *Noise:    It may make noises in combat.
Missiles
 n - 2 throwing nets
 o - 37 poisoned darts (quivered)
 r - 2 boomerangs of dispersal
 w - 11 javelins
 X - 4 curare-tipped darts
Armour
 g - a +2 pair of boots (worn)
 A - the +0 helmet of the Valley (worn) {rN+}
   (You found it on level 4 of the Dungeon)

   rN:        It protects you from negative energy.
 I - a +0 kite shield
 M - a +2 cloak (worn)
 N - a +2 pair of gloves (worn)
 S - the +1 ice dragon scales "Nenofraf" (worn) {rElec rF- rC++}
   (You found it in an ice cave)

   rF:        It makes you vulnerable to fire.
   rC:        It greatly protects you from cold.
   rElec:     It insulates you from electricity.
Jewellery
 d - a ring of willpower
 h - an amulet of reflection (around neck)
 P - the ring of Taegemn (left hand) {rPois MP+9 SInv}
   (You bought it in a shop on level 2 of the Orcish Mines)

   [ring of magical power]

   rPois:     It protects you from poison.
   MP:        It affects your magic capacity (+9).
   SInv:      It lets you see invisible.
 V - the ring "Joocs" (right hand) {rF+++ rCorr Str-2 Int+3 Slay+2}
   (You bought it in a shop on level 1 of the Depths)

   [ring of resist corrosion]

   Str:       It affects your strength (-2).
   Int:       It affects your intelligence (+3).
   Slay:      It affects your accuracy & damage with ranged weapons and melee
   (+2).
   rF:        It renders you almost immune to fire.
   rCorr:     It protects you from acid and corrosion.
Wands
 k - a wand of acid (21)
 v - a wand of flame (5)
 C - a wand of charming (11)
 G - a wand of iceblast (16)
 U - a wand of digging (5)
Scrolls
 b - 7 scrolls of fog
 e - 3 scrolls of immolation
 j - 5 scrolls of teleportation
 l - 2 scrolls of magic mapping
 p - a scroll of summoning {unknown}
 s - 4 scrolls of enchant armour
 y - a scroll of fear
 B - 2 scrolls of enchant weapon
 E - 4 scrolls of blinking
 H - 3 scrolls of holy word
 O - a scroll of brand weapon {unknown}
Potions
 a - 2 potions of magic
 c - a potion of might
 f - 6 potions of flight
 i - a potion of attraction {unknown}
 m - 4 potions of lignification
 u - a potion of curing
 x - 3 potions of cancellation
 z - 4 potions of mutation
 F - a potion of haste
 K - a potion of ambrosia {unknown}
 R - a potion of resistance {unknown}
Miscellaneous
 D - a tin of tremorstones (2/2)


   Skills:
 - Level 17.1 Fighting
 * Level 22.4(23.1) Axes
 - Level 8.5(15.0) Maces & Flails
 - Level 12.0 Armour
 - Level 6.0 Dodging
 - Level 14.0 Shields
 - Level 13.9 Invocations


You had 16 spell levels left.
You didn't know any spells.
Your spell library contained the following spells:

 Spells                   Type           Power      Damage    Failure   Level
 Animate Skeleton         Necr           0%         N/A       61%         1
 Apportation              Tloc           0%         N/A       61%         1
 Beastly Appendage        Tmut           0%         N/A       61%         1
 Foxfire                  Conj/Fire      0%         2x1d4     61%         1
 Pain                     Necr           0%         1d4       61%         1
 Sting                    Tmut/Pois      0%         1d3       61%         1
 Corpse Rot               Necr/Air       0%         N/A       75%         2
 Poisonous Vapours        Pois/Air       0%         N/A       75%         2
 Static Discharge         Conj/Air       0%         N/A       75%         2
 Wereblood                Tmut           0%         N/A       75%         2
 Conjure Flame            Conj/Fire      0%         6-21      93%         3
 Ignite Poison            Fire/Tmut/Pois 0%         N/A       93%         3
 Inner Flame              Hex/Fire       0%         N/A       93%         3
 Ozocubu's Armour         Ice            0%         N/A       93%         3
 Portal Projectile        Hex/Tloc       0%         N/A       93%         3
 Spider Form              Tmut/Pois      0%         N/A       93%         3
 Summon Guardian Golem    Hex/Summ       0%         N/A       93%         3
 Vampiric Draining        Necr           0%         2d6       93%         3
 Animate Dead             Necr           0%         N/A       100%        4
 Dispel Undead            Necr           0%         3d6       100%        4
 Flame Wave               Conj/Fire      0%         2d4       100%        4
 Olgreb's Toxic Radiance  Pois           0%         N/A       100%        4
 Sticky Flame             Conj/Fire      0%         2d3       100%        4
 Summon Lightning Spire   Summ/Air       0%         N/A       100%        4
 Alistair's Intoxication  Tmut/Pois      0%         N/A       100%        5
 Blade Hands              Tmut           0%         N/A       100%        5
 Excruciating Wounds      Necr           0%         N/A       100%        5
 Irradiate                Conj/Tmut      0%         3d14      100%        5
 Lightning Bolt           Conj/Air       0%         1d11      100%        5
 Metabolic Englaciation   Hex/Ice        0%         N/A       100%        5
 Death Channel            Necr           0%         N/A       100%        6
 Simulacrum               Ice/Necr       0%         N/A       100%        6
 Dragon Form              Tmut           0%         N/A       100%        7
 Haunt                    Necr/Summ      0%         N/A       100%        7
 Orb of Destruction       Conj           0%         9d5       100%        7
 Spellforged Servitor     Conj/Summ      0%         N/A       100%        7
 Storm Form               Tmut/Air       0%         N/A       100%        7
 Infestation              Necr           0%         N/A       100%        8
 Maxwell's Capacitive Co  Air            0%         ∞         100%        8
 Chain Lightning          Conj/Air       0%         N/A       100%        9
 Fire Storm               Conj/Fire      0%         5d1       100%        9
 Shatter                  Erth           0%         3d5*      100%        9


Dungeon Overview and Level Annotations

Branches:
Dungeon (15/15)            Temple (0/1) D:5            Lair (6/6) D:10
 Shoals (0/4) Lair:4       Spider (0/4) Lair:2        Slime (0/5) Lair:5
    Orc (2/2) D:12            Elf (0/3) Orc:2        Vaults (0/5) D:13
 Depths (4/4) D:15          IceCv (visited)
    Zot: Depths:4

Altars:
Elyvilon
Fedhas
Hepliaklqana
Makhleb
Nemelex Xobeh
Qazlal
Ru
Sif Muna
Trog
Xom
Zin
The Shining One
Beogh
Jiyva

Shops:
D:1 [   D:5 :   D:15 (   Orc:2 :=:(   Depths:1 *=??

Portals:
Hell: Depths:1 Depths:2 Depths:3
Abyss: Depths:1 Depths:3
Pandemonium: Depths:2 Depths:3

Annotations:
D:2 1 runed translucent door, Crazy Yiuf
D:3 2 runed translucent doors, Sin92's ghost, amateur DsFi
D:14 Roxanne


Message History

You feel better.
The frost giant seems to regain its courage.
Bladwarg shoots a bolt.
The bolt hits the tentacled monstrosity!!
The tentacled monstrosity dies!
Beogh accepts your kill.
You block the quicksilver dragon's attack.
The quicksilver dragon barely misses you.
The storm dragon bites you but does no damage.
The storm dragon claws you but does no damage.
You block the storm dragon's attack.
You feel better. The quicksilver dragon bites you.
* * * LOW HITPOINT WARNING * * *
The quicksilver dragon claws you but does no damage.
Ugbert hits the storm dragon with a +2 dagger of speed.
The storm dragon breathes lightning at you.
The bolt of lightning misses you. The bolt of lightning hits you! You resist.
* * * LOW HITPOINT WARNING * * *
The bolt of lightning hits the storm dragon.
The storm dragon completely resists.
As you read the scroll of teleportation, it crumbles to dust.
You feel strangely unstable. The quicksilver dragon bites you.
* * * LOW HITPOINT WARNING * * *
The quicksilver dragon closely misses you.
Bladwarg unwields a +1 arbalest.
Bladwarg wields the +7 falchion of Laceration {vorpal, Contam Str+3}.
Bladwarg hits the frost giant with the +7 falchion of Laceration {vorpal, Contam Str+3}!
Ugbert closely misses the storm dragon.
The storm dragon bites you but does no damage.
The storm dragon closely misses you. The storm dragon tramples you.
* * * LOW HITPOINT WARNING * * *
You hold your ground!
The quicksilver dragon bites you but does no damage.
The quicksilver dragon claws you but does no damage.
Ugbert hits the storm dragon with a +2 dagger of speed.
You feel better.
The quicksilver dragon breathes dispelling energy at you.
The bolt of dispelling energy hits you!!!
You feel strangely stable.
You die...

..... #...+
..... #...#
.... ....
#...# ...
#.... #$..#
.# .....
#...###### .#
###....
#...†....#
.###....#
#DDo...o.#
..#....##
#@°..C.o.#
........##
########o#
.........#
#..#
..≈≈.....#
##o##
≈≈≈......#
#.o#
≈≈≈....######
##.##
≈≈..........#
#..#
≈≈..........#
##.##
............#
#^.#


You could see a storm dragon (ally target), a frost giant (ally target), a
quicksilver dragon (catching breath, ally target), the friendly Bladwarg the orc
warlord, the friendly Urug (strong), a friendly orc high priest (strong) and the
friendly Ugbert the orc sorcerer (strong).

Vanquished Creatures
  A tengu reaver (Depths:2)
  An azure jelly (IceCv)
  A fire giant (Depths:3)
  3 frost giants
  A balrug (Depths:1)
  A spriggan defender (Depths:2)
  3 quicksilver oozes (IceCv)
  2 stone giants
  23 slime creatures
  A vampire knight (Depths:2)
  2 entropy weavers (Lair:5)
  A blizzard demon (Depths:3)
  4 ettins
  A merfolk impaler (Depths:3)
  2 rakshasas
  A hell beast (Depths:1)
  2 great orbs of eyes
  12 hydras
  3 ghost crabs (Lair:5)
  8 centaur warriors
  2 ice dragons (D:15)
  An ogre mage (Orc:2)
  A death knight (D:11)
  4 spriggan air magi
  3 tengu warriors
  7 two-headed ogres
  4 death yaks
  A spriggan berserker (Depths:1)
  Nergalle (D:10)
  A soul eater (Depths:1)
  An iron troll (Depths:1)
  Sonja (Orc:1)
  2 spriggans
  A sixfirhy (Depths:3)
  3 fire crabs (Lair:5)
  2 skeletal warriors (D:15)
  A flayed ghost (Depths:2)
  A wizard (D:12)
  An orc knight (Orc:2)
  An orc sorcerer (Orc:2)
  5 manticores
  22 ugly things
  2 deep elf pyromancers
  7 cyclopes
  Maurice (D:9)
  An ice statue (IceCv)
  2 torpor snails (Lair:2)
  A guardian serpent (shapeshifter) (D:15)
  5 black mambas
  A merfolk siren (Lair:4)
  4 elephants
  A rust devil (Depths:3)
  An apocalypse crab (Lair:5)
  2 smoke demons (Depths:3)
  A gargoyle (D:11)
  5 rime drakes
  An unseen horror (D:12)
  26 cane toads
  3 kobold demonologists (D:13)
  An ice devil (Depths:3)
  8 komodo dragons
  A freezing wraith (D:14)
  3 entropy weaver simulacra (IceCv)
  A meliai (D:10)
  2 polar bears
  5 trolls
  A meliai (shapeshifter) (D:13)
  A tyrant leech (Lair:6)
  2 hornets
  12 blink frogs
  A shadow (D:10)
  Sigmund (D:6)
  A ynoxinul (Depths:3)
  3 wraiths
  10 water elementals
  20 yaks
  3 basilisks
  3 wyverns
  A death yak simulacrum (D:13)
  2 steam dragons (D:8)
  A redback (Lair:2)
  A neqoxec (Depths:3)
  12 vampire mosquitoes
  2 wargs
  A demonic crawler simulacrum (IceCv)
  An acid dragon (D:10)
  8 water moccasins
  2 sky beasts
  6 orc warriors
  An ice beast (D:8)
  2 black bears
  A necrophage (D:7)
  8 wolves (Lair:1)
  15 ogres
  3 ugly thing simulacra (IceCv)
  11 centaurs
  Blork the orc (D:6)
  2 kobold brigands
  A gnoll sergeant (D:6)
  13 bullfrogs
  A two-headed ogre simulacrum (D:13)
  3 glowing shapeshifter simulacra (IceCv)
  3 scorpions
  A water moccasin zombie (D:6)
  A water moccasin skeleton (D:6)
  An elephant simulacrum (D:13)
  4 killer bees (D:5)
  A wight (D:10)
  2 howler monkeys
  3 centaur zombies
  A hound (D:6)
  2 gnoll shamans
  2 orc priests
  2 bullfrog skeletons
  Jessica (D:2)
  An iguana (D:5)
  8 orc wizards
  A troll simulacrum (D:13)
  A killer bee zombie (D:8)
  2 polar bear simulacra (D:13)
  A hound zombie (D:5)
  A hound skeleton (D:4)
  A howler monkey zombie (D:10)
  9 gnolls
  A howler monkey skeleton (D:7)
  6 adders
  2 naga simulacra (D:13)
  2 white imps
  2 worms
  3 dart slugs
  23 orcs
  4 ball pythons
  6 endoplasms
  4 giant cockroaches
  8 hobgoblins
  6 jackals
  15 kobolds
  4 quokkas
  A bat (D:3)
  5 frilled lizards
  9 goblins
  3 rats
534 creatures vanquished.

Vanquished Creatures (collateral kills)
  A golden dragon (Depths:3)
  A tentacled monstrosity (Depths:3)
  An ironbound preserver (D:13)
  A vampire knight (Depths:3)
  A stone giant (Depths:2)
  The ghost of Ruewk the Archer, a journeyman CeAM of Okawaru (Lair:5)
  2 hydras (Lair:6)
  An ice dragon (Depths:1)
  A boulder beetle (Lair:2)
  3 ogre magi (Orc:2)
  A spriggan air mage (Depths:3)
  12 two-headed ogres
  A dancing weapon (Lair:5)
  A centaur warrior (D:12)
  2 tengu warriors
  7 death yaks
  3 spriggan berserkers
  A fire crab (Lair:5)
  A skeletal warrior (D:15)
  2 goliath frogs (Lair:6)
  2 glowing orange brains
  A wolf spider (D:13)
  15 ugly things
  A deep elf pyromancer (D:13)
  2 cyclopes
  2 merfolk sirens (Lair:4)
  2 centaur zombies (D:11)
  A torpor snail (Lair:2)
  2 black mambas
  A smoke demon (Depths:3)
  7 elephants
  11 cane toads
  A rime drake (Lair:5)
  5 komodo dragons
  A yaktaur (D:12)
  A merfolk (Lair:4)
  A red devil (Depths:3)
  3 trolls
  2 tyrant leeches (Lair:6)
  9 blink frogs
  3 hornets
  2 slime creatures
  7 dream sheep (Lair:6)
  A vampire (D:12)
  2 spriggans
  A water elemental (Depths:3)
  A shadow (D:12)
  A wyvern (Lair:4)
  15 yaks
  4 basilisks
  2 vampire mosquitoes
  An acid dragon (D:12)
  2 wargs (D:12)
  3 orc warriors (Orc:2)
  A swamp drake (Orc:2)
  3 centaurs (D:14)
  15 ogres
  8 bullfrogs
  A gnoll sergeant (D:12)
  2 electric eels
  A hound (Lair:1)
  3 orc priests
  2 gnolls (D:12)
  2 orcs (Orc:1)
  3 kobolds (D:13)
200 creatures vanquished.

Vanquished Creatures (others)
  An orc sorcerer (Depths:1)
  An orc knight (D:15)
  5 orc warriors
  A vampire (D:10)
  3 orc priests
  4 orc wizards
  A gnoll (D:10)
  8 orcs
  A ball python (Orc:2)
  53 fungi
  128 plants
206 creatures vanquished.

Grand Total: 940 creatures vanquished

Notes
Turn   | Place    | Note
-------+----------+-------------------------------------------
     0 | D:1      | safid the Hill Orc Fighter began the quest for the Orb.
     0 | D:1      | Reached XP level 1. HP: 19/19 MP: 1/1
     2 | D:1      | Found Syufinti's Antique Armour Shoppe.
   307 | D:1      | Reached XP level 2. HP: 25/27 MP: 2/2
   369 | D:1      | Reached skill level 3 in Axes
   375 | D:1      | Found a faded altar of an unknown god.
   814 | D:2      | Noticed Jessica
   826 | D:2      | Killed Jessica
   827 | D:2      | Reached XP level 3. HP: 25/33 MP: 3/3
   903 | D:2      | Found a runed translucent door.
   904 | D:2      | Noticed Crazy Yiuf
   993 | D:2      | Reached XP level 4. HP: 38/40 MP: 4/4
  1224 | D:2      | Reached skill level 4 in Axes
  2114 | D:3      | Reached skill level 5 in Axes
  2292 | D:3      | Reached XP level 5. HP: 46/46 MP: 5/5
  2624 | D:3      | Found a runed translucent door.
  2626 | D:3      | Noticed Sin92's ghost (amateur DsFi)
  2647 | D:3      | Found a runed translucent door.
  3416 | D:4      | Reached skill level 6 in Axes
  3576 | D:4      | Reached XP level 6. HP: 37/52 MP: 6/6
  3670 | D:4      | Found a bloodstained altar of Trog.
  3700 | D:4      | Reached skill level 7 in Axes
  3827 | D:4      | Identified the +0 helmet of the Valley {rN+}
  4111 | D:5      | Entered Level 5 of the Dungeon
  4113 | D:5      | Found Qibasch's Book Shop.
  4167 | D:5      | Found a stormy altar of Qazlal.
  4167 | D:5      | Noticed an air elemental
  4171 | D:5      | Noticed a water elemental
  4171 | D:5      | Noticed a fire elemental
  4228 | D:5      | Noticed a hornet
  4239 | D:5      | Paralysed by a hornet for 2 turns
  4243 | D:5      | Killed a hornet
  4244 | D:5      | Reached skill level 8 in Axes
  4244 | D:5      | Reached XP level 7. HP: 37/59 MP: 7/7
  4389 | D:5      | Reached skill level 9 in Axes
  4438 | D:5      | Found a hazy altar of Hepliaklqana.
  4591 | D:5      | Found a shimmering blue altar of Sif Muna.
  4594 | D:5      | Became a worshipper of Beogh the Brigand
  4594 | D:5      | Identified the +3 leather armour of the Serpent {Will+++
                  | Str-3}
  4765 | D:5      | Found a shimmering altar of Xom.
  4769 | D:5      | Found a blossoming altar of Fedhas.
  4849 | D:5      | Reached skill level 10 in Axes
  5030 | D:5      | Found a staircase to the Ecumenical Temple.
  5242 | D:6      | Reached skill level 11 in Axes
  5242 | D:6      | Reached XP level 8. HP: 66/66 MP: 8/8
  5273 | D:6      | Noticed a wraith
  5298 | D:6      | Killed a wraith
  5299 | D:6      | Reached skill level 12 in Axes
  5584 | D:6      | Noticed Blork the orc
  5593 | D:6      | Killed Blork the orc
  5754 | D:6      | Reached skill level 13 in Axes
  5989 | D:6      | Reached XP level 9. HP: 42/71 MP: 9/9
  6219 | D:6      | Reached skill level 14 in Axes
  6345 | D:6      | Noticed a komodo dragon
  6366 | D:6      | HP: 1/71 [komodo dragon (22)]
  6369 | D:6      | Killed a komodo dragon
  6377 | D:6      | Reached * piety under Beogh
  6714 | D:6      | Reached skill level 15 in Axes
  6911 | D:6      | Noticed Sigmund
  6925 | D:6      | Killed Sigmund
  7071 | D:7      | Noticed a cyclops
  7085 | D:7      | Killed a cyclops
  7086 | D:7      | Reached skill level 5 in Shields
  7152 | D:7      | Reached skill level 16 in Axes
  7387 | D:7      | Identified the +12 mace of Somewhere Else {vorpal, +Blink
                  | rElec Str+4}
  7564 | D:8      | Found a burning altar of Makhleb.
  7722 | D:8      | Reached XP level 10. HP: 80/80 MP: 10/10
  7780 | D:8      | Reached skill level 5 in Fighting
  7780 | D:8      | Reached skill level 5 in Armour
  8154 | D:8      | Found a sacrificial altar of Ru.
  8450 | D:8      | Found a sparkling altar of Nemelex Xobeh.
  8451 | D:8      | Found a glowing golden altar of the Shining One.
  8540 | D:9      | Reached ** piety under Beogh
  9164 | D:10     | Entered Level 10 of the Dungeon
  9633 | D:10     | Noticed a manticore
  9641 | D:10     | Killed a manticore
  9827 | D:10     | Reached XP level 11. HP: 57/94 MP: 11/11
  9983 | D:10     | Noticed a manticore
  9995 | D:10     | Killed a manticore
 10216 | D:10     | Noticed a tengu warrior
 10228 | D:10     | Killed a tengu warrior
 10486 | D:10     | Noticed a two-headed ogre
 10497 | D:10     | Killed a two-headed ogre
 10954 | D:10     | Noticed Nergalle
 10965 | D:10     | Killed Nergalle
 11050 | D:10     | Noticed Maurice
 11088 | D:9      | Killed Maurice
 11382 | D:10     | Reached *** piety under Beogh
 11405 | D:10     | Found a staircase to the Lair.
 11678 | D:11     | Noticed a death knight
 11679 | D:11     | Noticed a manticore
 11695 | D:11     | Killed a death knight
 11696 | D:11     | Reached skill level 10 in Shields
 11697 | D:11     | Killed a manticore
 11698 | D:11     | Reached skill level 10 in Fighting
 12063 | D:11     | Noticed a five-headed hydra
 12070 | D:11     | Killed a five-headed hydra
 12071 | D:11     | Reached XP level 12. HP: 84/106 MP: 12/12
 12359 | D:1      | Bought a heavily runed plate armour for 616 gold pieces
 12359 | D:1      | Identified the +3 plate armour of Oteghy {rCorr} (You
                  | bought it in a shop on level 1 of the Dungeon)
 12607 | Lair:1   | Entered Level 1 of the Lair of Beasts
 12611 | Lair:1   | Noticed a seven-headed hydra
 12618 | Lair:1   | Killed a seven-headed hydra
 12746 | Lair:1   | Reached skill level 10 in Armour
 13815 | Lair:2   | Gained Ugbert as an ally
 13826 | Lair:2   | Found a hole to the Spider Nest.
 13994 | Lair:2   | Noticed a seven-headed hydra
 14001 | Lair:2   | Killed a seven-headed hydra
 14573 | Lair:2   | Noticed an eight-headed hydra
 14574 | Lair:2   | Noticed a seven-headed hydra
 14574 | Lair:2   | Noticed a boulder beetle
 14581 | Lair:2   | Reached **** piety under Beogh
 14585 | Lair:2   | Killed an eight-headed hydra
 15278 | Lair:2   | Noticed a death yak
 15286 | Lair:2   | Killed a death yak
 15292 | Lair:2   | Reached XP level 13. HP: 96/118 MP: 13/13
 15488 | Lair:3   | Gained Bladwarg as an ally
 15665 | Lair:3   | Identified the +7 falchion of Laceration {vorpal, Contam
                  | Str+3}
 16381 | Lair:4   | Reached skill level 1 in Invocations
 16384 | Lair:4   | Reached skill level 1 in Dodging
 16662 | Lair:4   | Found a staircase to the Shoals.
 17022 | Lair:4   | Reached ***** piety under Beogh
 17405 | Lair:5   | Found a runed translucent door.
 17900 | Lair:5   | Found a staircase to the Slime Pits.
 17902 | Lair:5   | Found a viscous altar of Jiyva.
 17914 | Lair:5   | Reached skill level 5 in Invocations
 18218 | Lair:5   | Reached XP level 14. HP: 119/129 MP: 18/18
 18306 | Lair:5   | Found a runed translucent door.
 18312 | Lair:5   | Found a shimmering altar of Xom.
 18312 | Lair:5   | Noticed Ruewk's ghost (journeyman CeAM)
 19740 | Lair:5   | Noticed an entropy weaver
 19758 | Lair:5   | Killed an entropy weaver
 20149 | Lair:5   | Noticed an entropy weaver
 20162 | Lair:5   | Killed an entropy weaver
 20477 | Lair:5   | Killed Ruewk's ghost
 20813 | Lair:6   | Entered Level 6 of the Lair of Beasts
 20923 | Lair:6   | Reached skill level 5 in Dodging
 21724 | Lair:6   | Reached skill level 1 in Maces & Flails
 22325 | Lair:6   | Reached skill level 10 in Invocations
 22362 | Lair:6   | Reached XP level 15. HP: 139/139 MP: 22/22
 22503 | Lair:6   | Reached skill level 15 in Fighting
 23276 | D:11     | Identified the +1 robe "Paaplusk" {rF+++ Int-5 Slay+2
                  | Stlth-}
 23490 | D:12     | Reached skill level 5 in Maces & Flails
 23632 | D:12     | Reached ****** piety under Beogh
 23945 | D:12     | Gained Learuk as an ally
 24011 | D:12     | Identified the +5 ring mail of Grot {rPois rF+ rN+ Str-4}
 24147 | D:12     | Found a staircase to the Orcish Mines.
 24194 | Orc:1    | Entered Level 1 of the Orcish Mines
 24208 | Orc:1    | Noticed Sonja
 24219 | Orc:1    | Killed Sonja
 24401 | Orc:1    | Noticed Urug
 24657 | Orc:2    | Entered Level 2 of the Orcish Mines
 24666 | Orc:2    | Found a staircase to the Elven Halls.
 25166 | Orc:2    | Found a roughly hewn altar of Beogh.
 25356 | Orc:2    | Found Reoff's Jewellery Emporium.
 25356 | Orc:2    | Found Apoack Uwku's Book Boutique.
 25357 | Orc:2    | Found Bub Tut's Antique Weapon Shop.
 25357 | Orc:2    | Found Oppus's Book Emporium.
 25370 | Orc:2    | Your ally Learuk died
 25677 | Orc:2    | Bought the ring of Taegemn {rPois MP+9 SInv} for 460 gold
                  | pieces
 25900 | D:13     | Found a gate to the Vaults.
 25906 | D:13     | Identified the +1 chain mail of Defiance {rF+}
 25981 | D:13     | Found a frozen archway.
 26002 | IceCv    | Entered an ice cave
 27464 | IceCv    | Reached XP level 16. HP: 152/152 MP: 25/25
 27929 | IceCv    | Found a viscous altar of Jiyva.
 27929 | IceCv    | Noticed an azure jelly
 27932 | IceCv    | Killed an azure jelly
 27981 | IceCv    | Found the +8 frozen axe "Frostbite" {freezing cloud, *Noise
                  | Fly rC+}
 27992 | IceCv    | Identified the +1 ice dragon scales "Nenofraf" {rElec rF-
                  | rC++}
 28262 | D:13     | Gained Hawl as an ally
 28270 | D:13     | Your ally Hawl died
 28271 | D:13     | Gained Orkrul as an ally
 29380 | D:14     | Noticed Roxanne
 30073 | D:14     | Reached skill level 17 in Axes
 30454 | D:15     | Entered Level 15 of the Dungeon
 30738 | D:15     | Reached skill level 18 in Axes
 30848 | D:15     | Found Yggae's Weapon Shoppe.
 31117 | D:15     | Found a staircase to the Depths.
 31719 | Depths:1 | Entered Level 1 of the Depths
 31756 | Depths:1 | Reached skill level 19 in Axes
 31841 | Depths:1 | Found a gateway to Hell.
 32007 | Depths:1 | Your ally Orkrul died
 32613 | Depths:1 | Found a one-way gate to the infinite horrors of the Abyss.
 32635 | Depths:1 | Found a sacrificial altar of Ru.
 32921 | Depths:1 | Found Naasiuhy's Jewellery Shoppe.
 32929 | Depths:1 | Bought the ring "Joocs" {rF+++ rCorr Str-2 Int+3 Slay+2}
                  | for 1305 gold pieces
 32943 | Depths:1 | Found Gaplu's Assorted Antiques.
 33078 | Depths:1 | Reached skill level 20 in Axes
 33078 | Depths:1 | Reached XP level 17. HP: 43/161 MP: 27/27
 33449 | Depths:1 | Found Tobal's Magic Scroll Emporium.
 33561 | Depths:1 | Found Woivotz's Magic Scroll Shoppe.
 33564 | Depths:1 | Bought a scroll of magic mapping for 52 gold pieces
 34463 | Depths:2 | Found a glowing golden altar of the Shining One.
 34466 | Depths:2 | Found a white marble altar of Elyvilon.
 34467 | Depths:2 | Found a glowing silver altar of Zin.
 34846 | Depths:2 | Reached skill level 21 in Axes
 35101 | Depths:2 | Found a one-way gate leading to the halls of Pandemonium.
 36249 | Depths:3 | Reached skill level 22 in Axes
 36527 | Depths:1 | Bought a scroll of identify for 30 gold pieces
 36527 | Depths:1 | Bought a scroll of identify for 30 gold pieces
 36784 | Depths:3 | You are sucked into a shaft and drop 1 floor!
 36784 | Depths:4 | Entered Level 4 of the Depths
 36870 | Depths:3 | Identified 2 scrolls of acquirement
 36872 | Depths:3 | Acquired 327 gold pieces
 36873 | Depths:3 | Acquired 469 gold pieces
 36915 | Depths:3 | Paralysed by a great orb of eyes for 5 turns
 37071 | Depths:3 | Identified the +2 ring mail "Gesokoj" {rPois rC- rN++
                  | Dex-4}
 37095 | Depths:3 | Noticed a golden dragon
 37095 | Depths:3 | Noticed a quicksilver dragon
 37095 | Depths:3 | Noticed a tentacled monstrosity
 37106 | Depths:3 | Killed a golden dragon
 37108 | Depths:3 | Killed a tentacled monstrosity
 37111 | Depths:3 | Killed from afar by a quicksilver dragon

Illustrated notes

Levels and vault maps discovered:
D:1:      saegor_arrival_simple_b, layout_basic,
          hellmonk_ecumenical_altar_prayer_group, serial_shops, shop,
          minmay_misc_feat_room, roderic_cross_of_infinity,
          minmay_small_reverse_x
D:2:      layout_basic, serial_curves, eino_curves_01, eino_curves_03,
          supply_closet_lemuel, minmay_misc_feat_four_crosses,
          kennysheep_generic_room_5, uniq_crazy_yiuf_cottage, uniq_jessica
D:3:      layout_basic, ebering_ghost_sewer_f, hangedman_decor_slide_cut,
          eino_tiny_chamber, st_stairs_8
D:4:      layout_loops_corners, mainiacjoe_overflow_cross_hatched,
          minmay_unequal
D:5:      layout_cave_pools, lemuel_tele_altar,
          nicolae_qazlal_style_of_elements, mainiacjoe_overflow_big_doors,
          old_standard_altar, minmay_temple_entry_nine_rooms, serial_shops,
          nicolae_square_shop, kennysheep_generic_room_4
D:6:      minmay_cornered_nines, layout_loops_corners, uniq_blork_the_orc,
          uniq_sigmund
D:7:      layout_gridville
D:8:      layout_cave_pods, gammafunk_temple_overflow_pools,
          mainiacjoe_overflow_catch_the_wave
D:9:      layout_small_grid, chequers_serial_rivers_small_a
D:10:     nicolae_hexawheel, layout_basic, grunt_lair_entry_orc_guard_hut,
          uniq_maurice, uniq_nergalle
D:11:     layout_gridville, minmay_radiant
D:12:     layout_basic, minmay_orc_entry_guard_dogs, minmay_bent
D:13:     layout_stronghold, skrybe_vaults_entry_preservation,
          portal_ice_cave_entry_ice_simulacra, gauntlet_entry_generic
D:14:     layout_basic, nrook_mini_backslash, uniq_roxanne
D:15:     grunt_enter_depths_hoard, layout_irregular_city,
          hangedman_decor_riveting, serial_shops, shop_coins
Lair:1:   beast_lair_carwin_large_1, layout_gridlike, serial_bayou_shore_a
Lair:2:   nzn_winding_woodlands_large [nzn_winding_woodlands_5x5_checkerboard,
          nzn_winding_woodlands_5x15_lazy_stream,
          nzn_winding_woodlands_5x5_closed_star,
          nzn_winding_woodlands_center_garden,
          nzn_winding_woodlands_15x15_boxy_spiral,
          nzn_winding_woodlands_center_lodge, nzn_winding_woodlands_5x5_default,
          nzn_winding_woodlands_5x15_garden,
          nzn_winding_woodlands_5x5_open_star], layout_regular_city,
          spider_nest_entry_rubble, serial_bayou_lake_a
Lair:3:   layout_hall_layers
Lair:4:   layout_long_grid, elwin_shoals_entry_stream,
          infiniplex_staircase_pool, grunt_megastairs_2
Lair:5:   gammafunk_mikee_crab_dinner, layout_layer_cave, slime_altar_1,
          ebering_ghost_xom, serial_bayou_shore_b
Lair:6:   minmay_lair_end_frog_pond, layout_small_grid,
          nicolae_volcano_entry_s_turn
Orc:1:    layout_caves, uniq_sonja, uniq_urug
Orc:2:    st_orc_ogre_mass, layout_diamond_mine, basic_altar
Depths:1: layout_gridlike, grunt_mini_vestibule, roderic_lattice_a, abyss_entry,
          serial_shops, nicolae_shop_trees, drop_trap, nicolae_take_the_stairs,
          nicolae_ru_sacrificial_ziggurat, minmay_shop_star
Depths:2: nicolae_cairo_tiling, layout_gridlike, pan_entry, good_gods_temple_1,
          serial_co_window_serial, co_window_corner_a, co_window_corner_a,
          co_window_paths_a, co_window_corner_a, co_window_paths_a,
          co_window_corner_a, co_window_corner_a, co_window_paths_b,
          co_window_corner_a, co_window_broadway_b, co_window_2corner,
          co_window_corner_b, hell_entry, kennysheep_flooded_box
Depths:3: minmay_shrinking_squares, layout_cave_pools, serial_bayou_lagoon_a,
          abyss_entry_glasseish, grunt_pan_entry_in_and_out, hell_entry,
          minivault_22
Depths:4: grunt_zot_entry_pinwheel, layout_basic, ziggurat_fallback,
          pf_dread_powers_of_hell, nemelex_diamond_rough_becter

Skill      XL: |  1  2  3  4  5  6  7  8  9 10 11 12 13 14 15 16 17 |
---------------+----------------------------------------------------+-----
Axes           | 3 5 6 8 11 13 16 20 22 | 22.4
Fighting       | 4 7 10 12 13 14 16 17 | 17.1
Armour         | 4 7 9 11 12 | 12.0
Shields        | 4 6 8 10 12 14 | 14.0
Invocations    | 6 10 13 | 13.9
Dodging        | 3 6 |  6.0
Maces & Flails | 4 8 |  8.5

Action                   |  1- 3 |  4- 6 |  7- 9 | 10-12 | 13-15 | 16-18 || total
-------------------------+-------+-------+-------+-------+-------+-------++-------
Melee: War axe           |    58 |   180 |   231 |       |       |       ||   469
       Mace              |       |       |    10 |   378 |   716 |    50 ||  1154
       Executioner's axe |       |       |       |       |       |   330 ||   330
Throw: Boomerang         |       |     1 |     2 |       |       |       ||     3
       Dart              |       |       |     7 |     3 |       |       ||    10
Invok: Convert to Beogh  |       |       |     1 |       |       |       ||     1
       Recall Orcish Fol |       |       |       |     1 |     4 |     2 ||     7
       Give Item to Name |       |       |       |       |     1 |     1 ||     2
       Stop Recall       |       |       |       |       |     1 |     2 ||     3
       Smiting           |       |       |       |       |       |     3 ||     3
  Use: Potion            |       |     1 |     2 |     3 |     5 |     6 ||    17
       Scroll            |       |       |    11 |     2 |     5 |    16 ||    34
 Stab: Paralysed         |       |       |       |     4 |    15 |     2 ||    21
       Confused          |       |       |       |     1 |     1 |       ||     2
       Distracted        |       |       |       |       |    11 |     3 ||    14
Armor: Scale mail        |    26 |    24 |       |       |       |       ||    50
       Chain mail        |       |    60 |    52 |       |       |       ||   112
       Plate armour      |       |       |    63 |   361 |   347 |   157 ||   928
       Ice dragon scales |       |       |       |       |       |    87 ||    87
Dodge: Dodged            |    22 |    66 |    47 |   151 |   179 |   140 ||   605
Block: Buckler           |    15 |    32 |    32 |       |       |       ||    79
       Kite shield       |       |       |    27 |   288 |   596 |    34 ||   945
       Reflection        |       |       |       |       |    12 |     6 ||    18
       Other             |       |       |       |       |       |    62 ||    62
